 Dungeon Crawl Stone Soup version 0.32-a0-43-g058985b245 (webtiles) character file.

Game seed: 17502902457869312

281 MagusOfTheMoon the Magician (level 6, -1/41 HPs)
             Began as a Mummy Earth Elementalist on Feb 4, 2024.
             Slain by an orc
             ... wielding a +0 trident
              (7 damage)
             ... on level 3 of the Dungeon.
             The game lasted 00:04:46 (3168 turns).

MagusOfTheMoon the Magician (MuEE)                  Turns: 3168, Time: 00:04:46

Health: -1/41      AC:  3    Str: 12    XL:     6   Next: 6%
Magic:  1/12       EV: 12    Int: 16    God:
Gold:   160        SH:  0    Dex: 12    Spells: 9/13 levels left

rFire   x . .        m - +2 dagger (venom)
rCold   + . .        (no shield)
rNeg    + + +        a - +0 robe
rPois   ∞            (no helmet)
rElec   .            k - +0 cloak
rCorr   .            (no gloves)
SInv    .            (no boots)
Will    .....        g - amulet of regeneration
Stlth   ++           (no ring)
HPRegen 1.06/turn    (no ring)
MPRegen 0.13/turn

%: faith
@: very slightly contaminated
A: cold resistance 1, negative energy resistance 3, torment resistance 2, heat
vulnerability 1, in touch with death 1, no potions, faith
a: no special abilities


You were on level 3 of the Dungeon.
You visited 1 branch of the dungeon, and saw 3 of its levels.
You also visited: Sewer.

You collected 160 gold pieces.


Innate Abilities, Weirdness & Mutations

You are immune to poison.
Your flesh is cold resistant. (rC+)
You are immune to negative energy. (rN+++)
You are immune to unholy pain and torment.
You are vulnerable to heat. (rF-)
You are in touch with the powers of death.
You do not drink.
You have a special connection with the divine. (Faith)


   Skills:
 - Level 1.5 Dodging
 - Level 1.5 Stealth
 + Level 4.1 Spellcasting
 * Level 3.1 Conjurations
 * Level 4.0 Earth Magic


You had 9 spell levels left.
You knew the following spells:

 Your Spells              Type           Power      Damage    Failure   Level
a - Stone Arrow           Conj/Erth      28%        3d8       12%         3
s - Sandblast             Erth           32%        2d9       3%          1

Your spell library contained the following spells:

 Spells                   Type           Power      Damage    Failure   Level
 Passwall                 Erth           16%        N/A       10%         3
 Apportation              Tloc           6%         N/A       17%         1
 Jinxbite                 Hex            6%         N/A       26%         2
 Brom's Barrelling Bould  Conj/Erth      14%        2d4       36%         4
 Ozocubu's Armour         Ice            3%         N/A       45%         3
 Petrify                  Alch/Erth      9%         N/A       58%         4
 Alistair's Intoxication  Alch           2%         N/A       99%         5
 Metabolic Englaciation   Hex/Ice        1%         N/A       99%         5
 Sculpt Simulacrum        Ice/Alch       1%         N/A       100%        6

Inventory:

Hand Weapons
 b - a +1 short sword of draining
   (You took it off a kobold on level 1 of the Dungeon)
 m - a +2 dagger of venom (weapon)
   (You took it off an orc on level 3 of the Dungeon)
Armour
 a - a +0 robe (worn)
 k - a +0 cloak (worn)
   (You found it on level 2 of the Dungeon)
Jewellery
 g - an amulet of regeneration (around neck)
   (You found it on level 1 of the Dungeon)
Scrolls
 c - a scroll of vulnerability {unknown}
 d - a scroll of fog
 e - 4 scrolls of teleportation {unknown}
 f - 2 scrolls of enchant weapon {unknown}
 h - a scroll of enchant armour {unknown}
 i - a scroll of identify {unknown}
 j - a scroll of summoning {unknown}
 l - a scroll of blinking {unknown}

Dungeon Overview and Level Annotations

Branches:
Dungeon (3/15)              Sewer (visited)

Altars:

Annotations:
D:2 1 runed translucent door, Crazy Yiuf
D:3 1 runed translucent door, Flippered's ghost, amateur HOSh

#....S.##oo.###'#######.#
#......##.........# #.#
###..######.....#.# #.# #..
#.....#.# #.# #.## #.......# #.#
#.. #....#..# #.# ...
#.......#####.# ...
######o......#.#
#[§§@o§......#.#
##.§§#o§......#.#
#..§§#§##'#####.# ##
#....#.##.#####.# ##.
#....#..........#
###..######....###.######.#
#......##..#######...#....#
#......##...#...........########
#......##...######.#.........#


You could see an orc priest and 2 orcs.


Message History

You kill the rat!
The orc priest shouts!
The orc wizard shouts!
The adder hisses angrily. 😎 MP[-1]
You lost 1 mp, and now have 10/11 mp.
You miscast Sandblast.
You are very lightly contaminated with residual magic.
Nothing appears to happen.
The orc priest shouts!
An orc comes into view.
It is wielding a +0 trident and wearing a +2 leather armour of cold resistance.
The orc priest looks satisfied for a moment. 😎 MP[-1]
You lost 1 mp, and now have 9/11 mp.
The orc priest looks encouraged for a moment.
Unknown command.
The orc priest mumbles some strange prayers to Beogh against you.
Beogh smites you! 😕 HP[-7]
You take 7 damage, and now have 28/35 hp.
Your magical contamination has completely faded away. 😕 HP[+1] MP[+1] 😕 HP[+1] 😕 HP[+2]
You regained 2 hp, and now have 32/35 hp. 😕 HP[+1] Unknown command.
Unknown command. 😕 HP[+1] 😎 HP[+1]
Your hp is fully restored (35).
The adder attacks as it pursues you! The adder bites you. 😕 HP[-1]
You take 1 damage, and now have 34/35 hp.
Unknown command.
The blast of sand hits the adder!
You kill the adder!
Your Earth Magic skill increases to level 4! 😎 HP[+1]
Your hp is fully restored (35).
You can't see any susceptible monsters within range! (Use Z to cast anyway.)
There are monsters nearby!
The blast of sand hits the orc wizard but does no damage. 😎 MP[-1]
You lost 1 mp, and now have 9/11 mp.
The blast of sand hits the orc wizard.
The orc wizard hits you with a +0 dagger.
The orc wizard closely misses you.
The orc hits you but does no damage. 😕 HP[-4] MP[-1]
You take 4 damage, and now have 31/35 hp.
You lost 1 mp, and now have 8/11 mp.
The blast of sand hits the orc wizard!
You kill the orc wizard!
The orc barely misses you.
You have reached level 6! 😕 HP[+7] MP[-1]
You now have 41 max hp (+6).
You regained 7 hp, and now have 38/41 hp.
The blast of sand hits the orc priest.
The orc priest hits you with a +1 vampiric falchion.
The orc hits you with a +0 club.
The orc hits you from afar with a +0 trident!
The orc priest hits you with a +1 vampiric falchion!
* * * LOW HITPOINT WARNING * * *
The orc hits you with a +0 club.
* * * LOW HITPOINT WARNING * * *
😨 HP[-25]
You take 25 damage, and now have 13/41 hp.
MASSIVE DAMAGE!! (PAUSE)
Casting: Sandblast (safe; 3% risk of failure)
Confirm with . or Enter, or press ? or * to list all spells.
Aiming: Stone Arrow (dangerous; 12% risk of failure)
Press: ? - help, Shift-Dir - straight line, f/p - orc priest
Aim: an orc priest, wielding a +1 vampiric falchion and wearing a +0 leather armour (moderately wounded, 68% to hit)
You miscast Stone Arrow.
You are very lightly contaminated with residual magic.
Nothing appears to happen.
The orc hits you from afar with a +0 trident!
* * * LOW HITPOINT WARNING * * *
The orc priest misses you. The orc hits you with a +0 club.
* * * LOW HITPOINT WARNING * * *
😱 HP[-7] MP[-3]
You take 7 damage, and now have 6/41 hp.
You lost 3 mp, and now have 4/12 mp.
Casting: Stone Arrow (dangerous; 12% risk of failure)
Confirm with . or Enter, or press ? or * to list all spells.
Aiming: Stone Arrow (dangerous; 12% risk of failure)
Press: ? - help, Shift-Dir - straight line, f/p - orc priest
Aim: an orc priest, wielding a +1 vampiric falchion and wearing a +0 leather armour (moderately wounded, 68% to hit)
You miscast Stone Arrow.
Nothing appears to happen.
The orc barely misses you.
The orc priest hits you with a +1 vampiric falchion.
* * * LOW HITPOINT WARNING * * *
The orc hits you with a +0 club.
* * * LOW HITPOINT WARNING * * *
😱 HP[-1] MP[-3]
You take 1 damage, and now have 5/41 hp.
You lost 3 mp, and now have 1/12 mp.
As you read the scroll labelled POTUSHROROU, it dissolves into smoke.
It was a scroll of fog.
The orc hits you from afar with a +0 trident!
You die...

Skill      XL: |  1  2  3  4  5 |
---------------+----------------+-----
Conjurations   | 1 2 3 |  3.1
Spellcasting   | 3 4 |  4.1
Earth Magic    | 3 4 |  4.0
Dodging        | |  1.5
Stealth        | |  1.5

Action                     |  1- 3 |  4- 6 || total
---------------------------+-------+-------++-------
  Melee: Short sword       |    16 |     4 ||    20
         Unarmed           |    12 |       ||    12
         Punch             |     1 |       ||     1
         Dagger            |       |     7 ||     7
   Cast: Sandblast         |    59 |    49 ||   108
         Stone Arrow       |       |     3 ||     3
    Use: Scroll            |       |     1 ||     1
 Armour: Robe              |    28 |    26 ||    54
  Dodge: Dodged            |    46 |    25 ||    71

Levels and vault maps discovered:
D:1:      tarquinn_simple_flora_water_a, layout_basic, basic_ecumenical_altar
D:2:      layout_basic, uniq_crazy_yiuf_cottage
D:3:      layout_basic, gup_sewer_entry_bubbles, gammafunk_ghost_grave,
          nicolae_houndstooth_variations

Notes
Turn   | Place    | Note
-------+----------+-------------------------------------------
     0 | D:1      | MagusOfTheMoon the Mummy Earth Elementalist began the quest
                  | for the Orb.
     0 | D:1      | Reached XP level 1. HP: 13/13 MP: 4/4
     0 | D:1      | magus.rc [v1.11.3]
     0 | D:1      | magus.rc [v1.11.3]
    73 | D:1      | Reached skill level 1 in Conjurations
   231 | D:1      | Reached XP level 2. HP: 19/19 MP: 3/5
   305 | D:1      | Reached skill level 3 in Spellcasting
   520 | D:1      | Found a faded altar of an unknown god.
   828 | D:1      | Reached XP level 3. HP: 24/24 MP: 4/7
  1303 | D:2      | Reached skill level 3 in Earth Magic
  1636 | D:2      | Reached skill level 2 in Conjurations
  1687 | D:2      | Reached XP level 4. HP: 30/30 MP: 2/9
  1964 | D:2      | You pick up a book of Party Tricks and begin reading...
  1964 | D:2      | You add the spells Apportation, Jinxbite and Alistair's
                  | Intoxication to your library.
  2074 | D:2      | Found a runed translucent door.
  2075 | D:2      | Noticed Crazy Yiuf
  2364 | D:2      | Learned a level 3 spell: Stone Arrow
  2685 | D:3      | Reached XP level 5. HP: 29/35 MP: 7/10
  2723 | D:3      | Found a glowing drain.
  2733 | Sewer    | Entered a sewer
  2895 | Sewer    | Noticed a crocodile
  2902 | Sewer    | Killed a crocodile
  2903 | Sewer    | Reached skill level 4 in Spellcasting
  2903 | Sewer    | Reached skill level 3 in Conjurations
  3004 | Sewer    | You pick up a book of Winter and begin reading...
  3004 | Sewer    | You add the spells Ozocubu's Armour, Metabolic Englaciation
                  | and Sculpt Simulacrum to your library.
  3120 | D:3      | Found a runed translucent door.
  3122 | D:3      | Noticed Flippered's ghost (amateur HOSh)
  3159 | D:3      | Reached skill level 4 in Earth Magic
  3165 | D:3      | Reached XP level 6. HP: 38/41 MP: 7/12
  3166 | D:3      | HP: 7/41 [orc/+0 trident (7)]
  3168 | D:3      | Slain by an orc

Vanquished Creatures
  A crocodile (Sewer)
  A hound (D:3)
  An orc wizard (D:3)
  7 adders
  3 ribbon worms
  2 orcs (D:3)
  3 ball pythons (D:1)
  6 endoplasms
  A giant cockroach (D:3)
  5 goblins
  8 hobgoblins
  8 jackals
  6 kobolds
  3 quokkas
  5 bats
  6 frilled lizards
  7 rats
73 creatures vanquished.

Table legend:
 A = Non-vault XP
 B = Vault XP
 C = Vault XP percentage of total XP
 D = Non-vault monster count
 E = Vault monster count
 F = Vault count percentage of total count
                 A         B        C        D         E       F
            +---------+---------+-------+---------+---------+-------
      Total |     253 |     149 |  37.1 |      61 |      12 |  16.4
            +---------+---------+-------+---------+---------+-------
        D:1 |      47 |       0 |   0.0 |      27 |       0 |   0.0
        D:2 |      91 |       0 |   0.0 |      20 |       0 |   0.0
        D:3 |     115 |      20 |  14.8 |      14 |       4 |  22.2
      Sewer |       0 |     129 | 100.0 |       0 |       8 | 100.0
            +---------+---------+-------+---------+---------+-------

Skill      XL: |  1  2  3  4  5 |
---------------+----------------+-----
Conjurations   | 1 2 3 |  3.1
Spellcasting   | 3 4 |  4.1
Earth Magic    | 3 4 |  4.0
Dodging        | |  1.5
Stealth        | |  1.5

Action                     |  1- 3 |  4- 6 || total
---------------------------+-------+-------++-------
  Melee: Short sword       |    16 |     4 ||    20
         Unarmed           |    12 |       ||    12
         Punch             |     1 |       ||     1
         Dagger            |       |     7 ||     7
   Cast: Sandblast         |    59 |    49 ||   108
         Stone Arrow       |       |     3 ||     3
    Use: Scroll            |       |     1 ||     1
 Armour: Robe              |    28 |    26 ||    54
  Dodge: Dodged            |    46 |    25 ||    71

Illustrated notes

Table legend:
 A = Kills in this place as a percentage of kills in the entire game.
 B = Kills by you in this place as a percentage of kills by you in the entire game.
 C = Kills by friends in this place as a percentage of kills by friends in the entire game.
 D = Other kills in this place as a percentage of other kills in the entire game.
 E = Experience gained in this place as a percentage of experience gained in the entire game.
 F = Experience gained in this place divided by the number of levels of this place that you have seen.
                   A       B       C       D       E      F
               +-------+-------+-------+-------+-------+----------------------
         Total | 100.0 | 100.0 |   N/A |   N/A | 100.0 | 100.5
       Dungeon |  89.0 |  89.0 |   N/A |   N/A |  67.9 |  91.0
         Sewer |  11.0 |  11.0 |   N/A |   N/A |  32.1 | 129.0
               +-------+-------+-------+-------+-------+----------------------

Table legend: (Time is in decaauts)
 A = Elapsed time spent in this place.
 B = Non-inter-level travel time spent in this place.
 C = Inter-level travel time spent in this place.
 D = Time resting spent in this place.
 E = Time spent auto-exploring this place.
 F = Levels seen in this place.
 G = Mean time per level.
                   A        B        C        D        E       F      G
               +--------+--------+--------+--------+--------+-----+--------+
         Total |   3267 |   3014 |    253 |      3 |   2573 |   4 |  816.8 |
       Dungeon |   2944 |   2691 |    253 |      0 |   2309 |   3 |  981.3 |
         Sewer |    323 |    323 |      0 |      3 |    264 |   1 |  323.0 |
               +--------+--------+--------+--------+--------+-----+--------+

Top non-repeatable levels by time:
     D:1: 1266 daAuts
     D:2: 1191 daAuts
     D:3: 486 daAuts
   Sewer: 323 daAuts
